 Dungeon Crawl Stone Soup version 0.29.1-15-g9cfb28693d (webtiles) character file.

Game seed: 7006623063224766609

194 BuddhaDhamma the Chopper (level 5, -7/67 HPs)
             Began as a Minotaur Berserker on Mar 7, 2023.
             Was a Believer of Trog.
             Mangled by Duvessa
             ... wielding a +0 short sword
              (9 damage)
             ... on level 4 of the Dungeon.
             The game lasted 00:03:26 (2369 turns).

BuddhaDhamma the Chopper (Minotaur Berserker)       Turns: 2369, Time: 00:03:26

Health: -7/67      AC:  5    Str: 29    XL:     5   Next: 44%
Magic:  4/4        EV: 11    Int:  4    God:    Trog [**....]
Gold:   106        SH:  0    Dex: 10    Spells: 4/4 levels left

rFire   . . .      SeeInvis .   a - +0 hand axe
rCold   . . .      Faith    .   (no shield)
rNeg    . . .      Spirit   .   b - +0 ring mail
rPois   .          Reflect  .   (helmet restricted)
rElec   .          Harm     .   (no cloak)
rCorr   .          Rampage  .   (no gloves)
Will    .....                   (no boots)
Stlth   ..........              (no amulet)
HPRegen 0.21/turn               d - +6 ring of strength
MPRegen 0.09/turn               (no ring)

@: berserking (expiring), very quick
A: horns 2, retaliatory headbutt
a: Renounce Religion, Berserk, Trog's Hand


You were on level 4 of the Dungeon.
You worshipped Trog.
Trog was pleased with you.
You visited 1 branch of the dungeon, and saw 3 of its levels.

You collected 106 gold pieces.

Inventory:

Hand Weapons
 a - a +0 hand axe (weapon)
Armour
 b - a +0 ring mail (worn)
Jewellery
 d - a +6 ring of strength (left hand)
Scrolls
 f - a scroll of teleportation {unknown}
 h - 3 scrolls of identify {unknown}
Potions
 c - a potion of attraction {unknown}
 g - 2 potions of curing {unknown}
 i - a potion of flight {unknown}
 j - a potion of mutation {unknown}
 k - a potion of magic {unknown}


   Skills:
 - Level 3.6 Fighting
 + Level 7.5 Axes
 - Level 2.4 Armour
 - Level 2.1 Dodging


You had 4 spell levels left.
You didn't know any spells.
Your spell library was empty.

Dungeon Overview and Level Annotations

Branches:
Dungeon (2/15)

Altars:

Annotations:
D:4 Duvessa


Innate Abilities, Weirdness & Mutations

You have a pair of horns on your head.
You reflexively headbutt those who attack you in melee.


Message History

You barely miss Duvessa. You hit Dowan.
Dowan is lightly wounded.
You hit Duvessa. Dowan hits you but does no damage.
Duvessa gestures with her weapon.
Duvessa hits you with a +0 short sword!
You barely miss Dowan.
Dowan is lightly wounded.
You hit Duvessa but do no damage. Dowan gestures at you while chanting.
The puff of flame hits you. Duvessa hits you with a +0 short sword.
You closely miss Dowan.
Dowan is lightly wounded.
You hit Duvessa. You hit Dowan.
Dowan is heavily wounded.
You closely miss Duvessa. Dowan misses you. Duvessa misses you.
You slash Dowan!
Dowan is almost dead.
You barely miss Duvessa. Dowan hits you but does no damage.
Duvessa hits you with a +0 short sword.
You hit Dowan.
You kill Dowan!
Trog accepts your kill.
Trog appreciates your killing of a magic user.
Duvessa screams, "No!
How DARE you!"
Duvessa goes berserk!
You hit Duvessa. Duvessa hits you with a +0 short sword!
* * * LOW HITPOINT WARNING * * *
Items here: ! ) [ †.
You barely miss Duvessa.
Duvessa is moderately wounded.
Duvessa hits you with a +0 short sword!
* * * LOW HITPOINT WARNING * * *
You slash Duvessa! Your headbutt misses Duvessa.
Duvessa is heavily wounded.
Duvessa barely misses you.
You slash Duvessa! You headbutt Duvessa.
Duvessa is almost dead.
Duvessa hits you with a +0 short sword!
You die...

#....## #....# #.....###....#
#..#...##....#
######..##..##....#
##..##...##...#....#
##....#..####.......#
#.....#..#####†.....########
#....##.....##..............
##....##......e@.............
#.....#......................
#.......#####................
#......## #.................
#####.## ##.##.###........#
### ###### ##########


You could see Duvessa (berserk).

Vanquished Creatures
  Dowan (D:4)
  A hound (D:4)
  4 gnolls (D:2)
  2 adders (D:2)
  4 worms
  3 dart slugs (D:1)
  A bat (D:1)
  An endoplasm (D:1)
  4 giant cockroaches (D:1)
  2 goblins (D:1)
  6 hobgoblins
  2 quokkas (D:1)
  7 ball pythons
  2 frilled lizards
  3 kobolds (D:1)
  3 rats
46 creatures vanquished.

Notes
Turn   | Place    | Note
-------+----------+-------------------------------------------
     0 | D:1      | BuddhaDhamma the Minotaur Berserker began the quest for the
                  | Orb.
     0 | D:1      | Reached XP level 1. HP: 19/19 MP: 0/0
   207 | D:1      | Reached skill level 4 in Axes
   273 | D:1      | Reached XP level 2. HP: 19/26 MP: 1/1
   554 | D:1      | Reached skill level 5 in Axes
   574 | D:1      | Reached XP level 3. HP: 26/31 MP: 2/2
   953 | D:1      | Found a faded altar of an unknown god.
  1746 | D:2      | Reached skill level 6 in Axes
  1746 | D:2      | Reached XP level 4. HP: 11/39 MP: 3/3
  1746 | D:2      | Reached ** piety under Trog
  2228 | D:2      | You fall into a shaft and drop 2 floors!
  2269 | D:4      | Reached skill level 7 in Axes
  2269 | D:4      | Reached XP level 5. HP: 45/45 MP: 4/4
  2344 | D:4      | Noticed Duvessa
  2344 | D:4      | Noticed Dowan
  2365 | D:4      | Killed Dowan
  2367 | D:4      | HP: 2/67 [Duvessa/+0 short sword (17)]
  2369 | D:4      | Mangled by Duvessa

Illustrated notes

Levels and vault maps discovered:
D:1:      dpeg_arrival_snail, layout_basic, chequers_ecumenical_altar_twisty,
          minmay_pentomino_u2
D:2:      layout_loops_corners, hex_large, minmay_fractal_squares_gapless_5
D:4:      layout_cave_pods, kennysheep_mini, uniq_pikel, uniq_duvessa

Skill      XL: |  1  2  3  4 |
---------------+-------------+-----
Axes           | 4 5 6 7 |  7.5
Fighting       | |  3.6
Armour         | |  2.4
Dodging        | |  2.1

Action                   |  1- 3 |  4- 6 || total
-------------------------+-------+-------++-------
Melee: Hand axe          |    59 |    31 ||    90
       Headbutt          |    10 |     7 ||    17
       Punch             |     1 |       ||     1
Throw: Javelin           |    10 |     3 ||    13
Invok: Berserk           |     1 |     1 ||     2
Armor: Animal skin       |     5 |       ||     5
       Ring mail         |    10 |     6 ||    16
Dodge: Dodged            |    38 |    12 ||    50
